 Dungeon Crawl Stone Soup version 0.26.1-11-gd32895ea62 (webtiles) character file.

Game seed: 6682075888022708193

72 DildoBatman the Conjurer (level 4, -1/30 HPs)
             Began as a Formicid Conjurer on July 18, 2021.
             Slain by Jessica
             ... wielding a +0 dagger
              (4 damage)
             ... on level 2 of the Dungeon.
             The game lasted 00:03:32 (1516 turns).

DildoBatman the Conjurer (Formicid Conjurer)        Turns: 1516, Time: 00:03:32

Health: -1/30      AC:  4    Str: 12    XL:     4   Next: 48%
Magic:  4/7        EV: 12    Int: 17    God:
Gold:   104        SH:  0    Dex: 10    Spells: 4/7 levels left

rFire    + . .     SeeInvis +   a - +1 short sword (drain)
rCold    + . .     Faith    .   (no shield)
rNeg     . . .     Spirit   .   o - +0 robe
rPois    .         Reflect  .   (helmet unavailable)
rElec    .         Harm     .   (no cloak)
rCorr    .         Rampage  .   l - +0 pair of gloves
Will     .....                  p - +0 pair of boots
Stlth    ++........             (no amulet)
HPRegen  0.10/turn              c - ring of protection from fire
MPRegen  0.10/turn              h - ring of protection from cold

@: no status effects
A: permanent stasis, dig shafts and tunnels, four strong arms, antennae 3
a: Dig, Shaft Self


You were on level 2 of the Dungeon.
You visited 1 branch of the dungeon, and saw 2 of its levels.

You collected 104 gold pieces.

Inventory:

Hand Weapons
 a - a +1 short sword of draining (weapon)
Missiles
 b - 26 arrows
 e - 79 stones
 g - 5 sling bullets
Armour
 f - a +1 ring mail of cold resistance
 l - a +0 pair of gloves (worn)
 o - a +0 robe (worn)
 p - a +0 pair of boots (worn)
Jewellery
 c - a ring of protection from fire (left hand)
 h - a ring of protection from cold (right hand)
Wands
 q - a wand of flame (20)
Scrolls
 d - a scroll of teleportation {unknown}
 i - 3 scrolls of remove curse {unknown}
 j - 4 scrolls of identify {unknown}
 k - 2 scrolls of immolation {unknown}
 n - a scroll of fear {unknown}
Potions
 m - a potion of invisibility {unknown}


   Skills:
 - Level 1.7 Dodging
 - Level 2.4 Stealth
 - Level 2.1 Spellcasting
 * Level 5.1 Conjurations


You had 4 spell levels left.
You knew the following spells:

 Your Spells              Type           Power        Failure   Level
a - Searing Ray           Conj           38%          3%          2
c - Magic Dart            Conj           76%          2%          1

Your spell library contained the following spells:

 Spells                   Type           Power        Failure   Level
 Dazzling Flash           Conj/Hex       20%          21%         3
 Fulminant Prism          Conj/Hex       5%           54%         4
 Iskenderun's Mystic Bla  Conj/Tloc      10%          54%         4


Dungeon Overview and Level Annotations

Branches:
Dungeon (2/15)

Altars:
Nemelex Xobeh

Annotations:
D:2 Jessica


Innate Abilities, Weirdness & Mutations

You cannot be hasted, slowed, berserked, paralysed or teleported.
You can dig through walls and to a lower floor.
Your four strong arms can wield two-handed weapons with a shield.
You have a pair of large antennae on your head. (SInv)


Message History

t - Shout!
Orders for allies: a - Attack new target. r - Retreat! s - Stop attacking. g - Guard the area. f - Follow me.
Anything else - Cancel.
You shout for attention!
Jessica mumbles something strange.
Jessica hits you with a +0 dagger!
Jessica points at you and mumbles some strange words.
You barely resist. What are your orders? t - Shout!
Orders for allies: a - Attack new target. r - Retreat! s - Stop attacking. g - Guard the area. f - Follow me.
Anything else - Cancel.
You shout for attention!
Jessica grins evilly.
Jessica hits you with a +0 dagger.
You die...

#.# #.# ### #.######
..# #......# ?# #.#
######## ######.# .#
#.# ##....... #.# .#
#!# ##.####### #.#
#.# #.###.##
#.#.####.#####.##.##
#.#..?.)..@@...#.##
#.######.######.##
#....)...# ###
##########


You could see Jessica (fast, strong).

Vanquished Creatures
  A jelly (D:2)
  An adder (D:2)
  A dart slug (D:1)
  A leopard gecko (D:1)
  2 giant cockroaches
  3 goblins
  7 hobgoblins
  3 bats
  6 frilled lizards
  3 kobolds
  5 rats
33 creatures vanquished.

Notes
Turn   | Place    | Note
-------+----------+-------------------------------------------
     0 | D:1      | DildoBatman the Formicid Conjurer began the quest for the
                  | Orb.
     0 | D:1      | Reached XP level 1. HP: 13/13 MP: 3/3
   295 | D:1      | Reached XP level 2. HP: 18/19 MP: 5/5
   298 | D:1      | Learned a level 2 spell: Searing Ray
   306 | D:1      | Reached skill level 4 in Conjurations
   605 | D:1      | Found a sparkling altar of Nemelex Xobeh.
   774 | D:2      | Noticed Jessica
   822 | D:2      | Reached XP level 3. HP: 24/24 MP: 6/6
  1484 | D:2      | Reached skill level 5 in Conjurations
  1484 | D:2      | Reached XP level 4. HP: 30/30 MP: 1/7
  1516 | D:2      | Slain by Jessica

Illustrated notes

Levels and vault maps discovered:
D:1:      dpeg_arrival_shelter, layout_loops_cross, hangedman_decor_points,
          nemelex_diamond_rough_becter
D:2:      layout_basic, uniq_jessica

Skill      XL: |  1  2  3 |
---------------+----------+-----
Conjurations   | 4 5 |  5.1
Dodging        | |  1.7
Stealth        | |  2.4
Spellcasting   | |  2.1

Action                   |  1- 3 |  4- 6 || total
-------------------------+-------+-------++-------
Melee: Short sword       |    29 |       ||    29
 Cast: Magic Dart        |    22 |       ||    22
       Searing Ray       |     9 |       ||     9
 Abil: Dig               |     4 |       ||     4
 Stab: Sleeping          |     1 |       ||     1
Armor: Robe              |     2 |     1 ||     3
Dodge: Dodged            |    17 |     9 ||    26
